 Dungeon Crawl Stone Soup version 0.21.1-1-g345015f (webtiles) character file.

14834 Mirai the Cleaver (level 11, -3/88 (89) HPs)
             Began as a Demonspawn Berserker on Feb 21, 2018.
             Was a High Priest of Trog.
             Slain by a yak (4 damage)
             ... on level 11 of the Dungeon.
             The game lasted 00:43:44 (8804 turns).

Mirai the Cleaver (Demonspawn Berserker)            Turns: 8804, Time: 00:43:45

HP:   -3/88 (89)    AC: 18    Str: 18    XL:     11   Next: 93%
MP:   11/11         EV: 11    Int:  8    God:    Trog [*****.]
Gold: 541           SH:  0    Dex: 16    Spells: 10/10 levels left

rFire    . . .     SeeInvis +   j - +6 battleaxe (drain)
rCold    . . .     Gourm    .   (shield currently unavailable)
rNeg     . . .     Faith    .   m - +0 plate armour
rPois    .         Spirit   .   s - +1 hat {SInv}
rElec    .         Reflect  .   d - +0 cloak
rCorr    .         Harm     .   (no gloves)
MR       .....                  W - +0 pair of boots
Stlth    ..........             (no amulet)
HPRegen  0.24/turn              (no ring)
MPRegen  0.12/turn              (no ring)

@: about to teleport, berserk cooldown, slowed, very slow
A: horns 2, talons 2, repulsion field 1, demonic guardian 1, nightstalker 2
a: Berserk, Trog's Hand, Brothers in Arms, Burn Spellbooks, Renounce Religion


You were on level 11 of the Dungeon.
You worshipped Trog.
Trog was extremely pleased with you.
You were hungry.

You visited 1 branch of the dungeon, and saw 11 of its levels.
You also visited: Sewer.

You collected 541 gold pieces.

Inventory:

Hand Weapons
 j - a +6 battleaxe of draining (weapon)
 z - a +10 glaive of chopping
 B - a +2 battleaxe of venom
Armour
 d - a +0 cloak (worn)
 e - a cursed +0 ring mail
 m - a +0 plate armour (worn)
 s - a +1 hat of see invisible (worn)
 W - a +0 pair of boots (worn)
Wands
 q - a wand of digging (9)
 u - a wand of polymorph (16)
 P - a wand of paralysis (18)
 R - a wand of random effects (60)
Scrolls
 a - a scroll of immolation
 f - a scroll of enchant weapon
 g - 2 scrolls of teleportation
 k - 5 scrolls of magic mapping
 n - 6 scrolls of identify
 r - 9 scrolls of remove curse
 C - 2 scrolls of blinking
 K - 3 scrolls of fear
 V - a scroll of enchant armour
Potions
 h - a potion of agility
 i - 4 potions of curing
 l - 6 potions of heal wounds {unknown}
 t - 2 potions of cancellation {unknown}
 w - a potion of mutation
 x - 3 potions of flight {unknown}
 H - 2 potions of haste
 M - 2 potions of degeneration {unknown}
 S - a potion of might
Books
 b - the Volume of Snow
   (You found it on level 8 of the Dungeon)

   Spells                             Type                      Level
   a - Freeze                         Ice                          1
   b - Ensorcelled Hibernation        Hexes/Ice                    2
   c - Ozocubu's Armour               Charms/Ice                   3
   d - Throw Icicle                   Conjuration/Ice              4
   e - Ice Form                       Ice/Transmutation            4
   f - Freezing Cloud                 Conjuration/Ice/Air          6
   Trog disapproves of the use of such an item.
 p - a book of Conjurations

   Spells                             Type                      Level
   a - Magic Dart                     Conjuration                  1
   b - Searing Ray                    Conjuration                  2
   c - Dazzling Spray                 Conjuration/Hexes            3
   d - Fulminant Prism                Conjuration/Hexes            4
   e - Force Lance                    Conjuration/Translocation    4
   f - Iskenderun's Mystic Blast      Conjuration                  4
   Trog disapproves of the use of such an item.
 v - a book of Necromancy

   Spells                             Type                      Level
   a - Pain                           Necromancy                   1
   b - Animate Skeleton               Necromancy                   1
   c - Vampiric Draining              Necromancy                   3
   d - Regeneration                   Charms/Necromancy            3
   e - Animate Dead                   Necromancy                   4
   f - Borgnjor's Vile Clutch         Necromancy/Earth             5
   Trog disapproves of the use of such an item.
 F - a book of Maledictions

   Spells                             Type                      Level
   a - Corona                         Hexes                        1
   b - Ensorcelled Hibernation        Hexes/Ice                    2
   c - Confuse                        Hexes                        3
   d - Tukima's Dance                 Hexes                        3
   e - Dazzling Spray                 Conjuration/Hexes            3
   Trog disapproves of the use of such an item.
 I - a book of Clouds

   Spells                             Type                      Level
   a - Poisonous Vapours              Poison/Air                   2
   b - Mephitic Cloud                 Conjuration/Poison/Air       3
   c - Conjure Flame                  Conjuration/Fire             3
   d - Freezing Cloud                 Conjuration/Ice/Air          6
   e - Ring of Flames                 Charms/Fire                  7
   Trog disapproves of the use of such an item.
 O - a book of Changes

   Spells                             Type                      Level
   a - Beastly Appendage              Transmutation                1
   b - Sticks to Snakes               Transmutation                2
   c - Spider Form                    Transmutation/Poison         3
   d - Ice Form                       Ice/Transmutation            4
   e - Blade Hands                    Transmutation                5
   Trog disapproves of the use of such an item.
Comestibles
 c - 17 rations
 o - 3 chunks of flesh


   Skills:
 + Level 9.0 Fighting
 + Level 12.0 Axes
 * Level 10.8 Armour
 + Level 6.1 Dodging


You had 10 spell levels left.
You didn't know any spells.

Dungeon Overview and Level Annotations

Branches:
Dungeon (11/15)            Temple (0/1) D:4
   Lair: D:8-11         Orc: D:9-12

Altars:
Ashenzari
Dithmenos
Elyvilon
Makhleb
Qazlal
Sif Muna
Vehumet
Wu Jian

Shops:
D:4 =   D:11 (


Innate Abilities, Weirdness & Mutations

You have razor-sharp toenails.
You are surrounded by a mild repulsion field. (EV +2)
A weak demonic guardian rushes to your aid.
You are significantly more attuned to the shadows.
You have a pair of horns on your head.


Message History

The orc warrior shouts!
You hit the ogre.
The ogre is almost dead.
You hear an angry hiss.
The yak gores your iron imp.
The yak gores your iron imp but does no damage.
Your iron imp hits the yak!
The ogre hits you with a giant spiked club.
* * * LOW HITPOINT WARNING * * *
The yak gores your iron imp!
Your iron imp dies!
The bullfrog hits you.
* * * LOW HITPOINT WARNING * * *
You hear a horrible gurgling sound!
Okay, then.
As you read the scroll of teleportation, it crumbles to dust.
You feel strangely unstable. The bullfrog hits you.
* * * LOW HITPOINT WARNING * * *
The ogre barely misses you. The bullfrog barely misses you. The yak gores you.
You die...

#..###(..##.....#
#..# ##...#WY.J.##
#..#####).#YYJJ..#
#......##J.....
#.W...Y.#......
#YY####.Y......
#YY# ####.....
#YO# ##... #.@#
#.. #.F# .. #.o#
#..# #..# #..#


You could see 5 yaks, an orc warrior, an ogre, a shadow (invisible) and a
bullfrog.

Vanquished Creatures
  Gastronok (D:9)
  Erolcha (D:9)
  2 two-headed ogres (D:8)
  An unseen horror (D:10)
  Pikel (D:7)
  The ghost of tidbits the Insei, an amateur GnTm (D:6)
  The ghost of Reldio the Poker, an amateur MfGl of Hepliaklqana (D:3)
  3 hippogriffs
  A wyvern (D:9)
  Sigmund (D:4)
  26 yaks
  Eustachio (D:6)
  Grum (D:9)
  3 orc warriors
  3 sky beasts
  A necrophage (D:10)
  7 ogres
  4 wolves (D:9)
  A centaur (D:9)
  3 big kobolds
  Blork the orc (D:5)
  7 bullfrogs
  A scorpion (D:8)
  3 killer bees (D:10)
  A howler monkey (D:10)
  5 crimson imps
  4 jellies
  An orc priest (D:10)
  4 orc wizards
  5 hounds
  Crazy Yiuf (D:4)
  A centaur skeleton (D:9)
  2 bullfrog skeletons
  2 iguanas
  5 worker ants
  A hound zombie (D:8)
  A hound skeleton (D:7)
  2 worker ant zombies
  A gnoll (D:2)
  17 adders
  A howler monkey skeleton (D:6)
  2 river rats (Sewer)
  2 shadow imps
  6 oozes
  An adder skeleton (D:5)
  4 worms
  8 leopard geckos
  32 orcs
  2 ball pythons
  6 giant cockroaches
  10 goblins
  8 hobgoblins
  9 jackals
  6 quokkas
  12 bats
  5 frilled lizards
  25 kobolds
  A leopard gecko skeleton (D:4)
  A quokka skeleton (D:5)
  9 rats
  4 plants (D:11)
282 creatures vanquished.

Vanquished Creatures (collateral kills)
  A hydra (D:11)
  Prince Ribbit (D:8)
  A yak (D:10)
  A big kobold (D:9)
  A jelly (D:10)
  An orc (D:10)
6 creatures vanquished.

Vanquished Creatures (others)
  A leopard gecko (D:7)
1 creature vanquished.

Grand Total: 289 creatures vanquished

Notes
Turn   | Place    | Note
-------+----------+-------------------------------------------
     0 | D:1      | Mirai the Demonspawn Berserker began the quest for the Orb.
     0 | D:1      | Reached XP level 1. HP: 18/18 MP: 1/1
   321 | D:1      | Reached skill level 3 in Axes
   321 | D:1      | Gained mutation: You have sharp toenails. [demonic ancestry]
   321 | D:1      | Reached XP level 2. HP: 9/24 MP: 2/2
   346 | D:1      | Gained mutation: You have a pair of small horns on your head. [potion of mutation]
   346 | D:1      | Gained mutation: You have a pair of horns on your head. [potion of mutation]
   902 | D:2      | Reached XP level 3. HP: 13/29 MP: 3/3
  1049 | D:2      | Reached ** piety under Trog
  1069 | D:2      | Reached XP level 4. HP: 8/35 MP: 4/4
  1231 | D:2      | Reached skill level 4 in Axes
  1667 | D:2      | Found a white marble altar of Elyvilon.
  2134 | D:3      | Noticed Reldio's ghost (amateur MfGl)
  2139 | D:3      | Gained mutation: You are surrounded by a mild repulsion field. (EV +2) [demonic ancestry]
  2139 | D:3      | Reached XP level 5. HP: 38/41 MP: 5/5
  2147 | D:3      | Killed Reldio's ghost
  2147 | D:3      | Reached skill level 5 in Axes
  2147 | D:3      | Gained mutation: You have razor-sharp toenails. [demonic ancestry]
  2147 | D:3      | Reached XP level 6. HP: 48/48 MP: 6/6
  2708 | D:4      | Found a staircase to the Ecumenical Temple.
  2719 | D:4      | Noticed Sigmund
  2726 | D:4      | Killed Sigmund
  2726 | D:4      | Reached XP level 7. HP: 54/54 MP: 7/7
  2815 | D:4      | Found Yjutuag's Jewellery Shop.
  2916 | D:4      | Found an ornate altar of the Wu Jian Council.
  3181 | D:4      | Found a runed door.
  3193 | D:4      | Reached skill level 7 in Axes
  3193 | D:4      | Reached skill level 5 in Dodging
  3193 | D:4      | Reached XP level 8. HP: 67/67 MP: 8/8
  3198 | D:4      | Noticed Crazy Yiuf
  3202 | D:4      | Killed Crazy Yiuf
  3444 | D:5      | Entered Level 5 of the Dungeon
  3555 | D:5      | Noticed Blork the orc
  3577 | D:5      | Killed Blork the orc
  3577 | D:5      | Reached *** piety under Trog
  3694 | D:5      | Found a glowing drain.
  3698 | Sewer    | Entered a sewer
  3803 | Sewer    | Found a white marble altar of Elyvilon.
  3986 | D:5      | Found a shadowy altar of Dithmenos.
  4248 | D:6      | Reached skill level 8 in Axes
  4411 | D:6      | Noticed Eustachio
  4412 | D:6      | Noticed tidbits's ghost (amateur GnTm)
  4423 | D:6      | Killed tidbits's ghost
  4485 | D:6      | Killed Eustachio
  4688 | D:6      | Gained mutation: You are slightly more attuned to the shadows. [demonic ancestry]
  4688 | D:6      | Reached XP level 9. HP: 72/72 MP: 9/9
  5014 | D:7      | Found a stormy altar of Qazlal.
  5246 | D:7      | Noticed Pikel
  5263 | D:7      | Killed Pikel
  5330 | D:7      | Found a shattered altar of Ashenzari.
  5675 | D:8      | Noticed a two-headed ogre
  5685 | D:8      | Killed a two-headed ogre
  5853 | D:8      | Found a shadowy altar of Dithmenos.
  5861 | D:8      | Reached **** piety under Trog
  5861 | D:8      | Reached skill level 9 in Axes
  5913 | D:8      | Found a deep blue altar of Sif Muna.
  6046 | D:8      | Noticed a two-headed ogre
  6057 | D:8      | Killed a two-headed ogre
  6057 | D:8      | Gained mutation: A weak demonic guardian rushes to your aid. [demonic ancestry]
  6057 | D:8      | Reached XP level 10. HP: 80/80 MP: 10/10
  6160 | D:8      | Noticed Prince Ribbit
  6171 | D:8      | Killed Prince Ribbit
  6199 | D:8      | Found a burning altar of Makhleb.
  6457 | D:8      | Found a radiant altar of Vehumet.
  6844 | D:8      | Identified the Volume of Snow
  7096 | D:9      | Reached ***** piety under Trog
  7101 | D:9      | Reached skill level 10 in Axes
  7154 | D:9      | Noticed Gastronok
  7161 | D:9      | Killed Gastronok
  7161 | D:9      | Reached skill level 10 in Armour
  7161 | D:9      | Gained mutation: You are significantly more attuned to the shadows. [demonic ancestry]
  7161 | D:9      | Reached XP level 11. HP: 87/87 MP: 11/11
  7164 | D:9      | Noticed Grum
  7172 | D:9      | Killed Grum
  7215 | D:9      | Noticed Erolcha
  7221 | D:9      | Killed Erolcha
  7261 | D:9      | Received a gift from Trog
  7655 | D:10     | Entered Level 10 of the Dungeon
  7668 | D:10     | Reached skill level 11 in Axes
  8014 | D:10     | Noticed an unseen horror
  8020 | D:10     | Killed an unseen horror
  8508 | D:11     | Found Tiecull's Antique Weapon Shop.
  8515 | D:11     | Noticed a six-headed hydra
  8522 | D:11     | Killed a ten-headed hydra
  8522 | D:11     | Reached skill level 12 in Axes
  8766 | D:11     | Received a gift from Trog
  8803 | D:11     | HP: 3/88 [bullfrog (3)]
  8804 | D:11     | HP: 1/88 [bullfrog (2)]
  8804 | D:11     | Slain by a yak

Skill      XL: |  1  2  3  4  5  6  7  8  9 10 11 |
---------------+----------------------------------+-----
Axes           | 3 4 5 7 8 9 10 12 | 12.0
Armour         | 2 3 8 9 10 | 10.8
Dodging        | 2 5 6 |  6.1
Fighting       | 4 7 8 9 |  9.0

Action                   |  1- 3 |  4- 6 |  7- 9 | 10-12 || total
-------------------------+-------+-------+-------+-------++-------
Melee: Hand axe          |    82 |   106 |   323 |    95 ||   606
       Headbutt          |    10 |    18 |    70 |    79 ||   177
       Battleaxe         |       |       |       |   215 ||   215
Invok: Berserk           |     1 |     2 |     8 |    10 ||    21
       Trog's Hand       |       |     1 |     2 |       ||     3
  Use: Scroll            |     6 |       |     7 |     6 ||    19
       Potion            |     3 |       |     4 |       ||     7
 Stab: Sleeping          |     4 |       |       |       ||     4
       Distracted        |       |       |     1 |     1 ||     2
  Eat: Chunk             |     1 |     3 |    16 |    16 ||    36
       Ration            |       |     1 |     1 |     1 ||     3
Armor: Animal skin       |    33 |     2 |       |       ||    35
       Chain mail        |       |    58 |   135 |     7 ||   200
       Ring mail         |       |       |     1 |       ||     1
       Plate armour      |       |       |       |   159 ||   159
Dodge: Dodged            |    53 |    51 |   184 |   163 ||   451
